 Dungeon Crawl Stone Soup version 0.20-a0-59-g66a9409 (webtiles) character file.

240 KristoblXynda the Twirler (level 5, -4/41 HPs)
             Began as a Draconian Gladiator on Nov 16, 2016.
             Slain by an orc
             ... wielding a +0 trident
              (10 damage)
             ... on level 3 of the Dungeon.
             The game lasted 00:04:08 (1916 turns).

KristoblXynda the Twirler (Draconian Gladiator)     Turns: 1916, Time: 00:04:09

Health: -4/41      AC:  6    Str: 18    XL:     5   Next: 79%
Magic:  5/5        EV: 14    Int:  9    God:
Gold:   42         SH:  0    Dex: 11    Spells: 0 memorised, 4 levels left

rFire  + + .     SeeInvis .     a - +0 quarterstaff
rCold  . . .     Gourm    +     (armour unavailable)
rNeg   . . .     Faith    .     (shield currently unavailable)
rPois  .         Spirit   .     b - +1 hat
rElec  .         Reflect  .     (no cloak)
rCorr  .         Harm     .     (no gloves)
MR     .....                    (no boots)
Stlth  +.........               f - amulet of the gourmand
                                (no ring)
                                (no ring)

@: slowed, very slow
A: unfitting armour, fire resistance 2, evolution 1, cold-blooded, AC +5
a: no special abilities


You were on level 3 of the Dungeon.
You were very full.

You visited 1 branch of the dungeon, and saw 3 of its levels.

You collected 42 gold pieces.

Inventory:

Hand Weapons
 a - a +0 quarterstaff (weapon)
Missiles
 c - 2 throwing nets (quivered)
 j - 3 javelins
Armour
 b - a +1 hat (worn)
Jewellery
 f - an amulet of the gourmand (around neck)
Scrolls
 e - a scroll of remove curse
Potions
 k - 2 potions of heal wounds
 l - 2 potions of might {unknown}
 m - a potion of lignification {unknown}
 o - a potion of resistance {unknown}
Comestibles
 d - a bread ration


   Skills:
 - Level 2.1 Fighting
 + Level 5.1 Staves
 - Level 2.0 Throwing
 + Level 4.5 Dodging


You had 4 spell levels left.
You didn't know any spells.

Dungeon Overview and Level Annotations

Branches:
Dungeon (3/15)

Altars:

Annotations:
D:3 Grinder, Terence


Innate Abilities, Weirdness & Mutations

Your plain brown scales are hard. (AC +5)
You cannot fit into any form of body armour.
You are cold-blooded and may be slowed by cold attacks.
Your flesh is very heat resistant. (rF++)
You evolve.


Message History

The orc wizard casts a spell at you.
You feel yourself slow down. Grinder hits you but does no damage.
The orc closely misses you. The orc wizard hits you with a dagger.
Grinder hits you but does no damage.
Things that are here:
3 stones; a kobold corpse You barely miss Grinder.
The orc wizard hits you but does no damage.
The orc hits you but does no damage. Grinder hits you.
You writhe in agony.
* * * LOW HITPOINT WARNING * * *
The orc wizard closely misses you. The orc closely misses you.
You closely miss Grinder. The orc wizard casts a spell at you.
The magic dart hits you!
* * * LOW HITPOINT WARNING * * *
Grinder barely misses you. The orc wizard casts a spell at you.
You feel as though you will be slow longer.
The orc hits you from afar with a trident!
You die...

#..............#
...............##
#................
#.....(...)..#
#......<...#
#####o###### #oo#
#5## #@# ##o#
#(.# #(## #.# #.#
#.# #.# ..#


You could see Grinder, 2 orc wizards and 2 orcs.

Vanquished Creatures
  Sigmund (D:2)
  Ijyb (D:2)
  A worm (D:2)
  A dart slug (D:1)
  3 leopard geckos
  2 orcs
  2 giant cockroaches
  4 goblins
  10 hobgoblins
  3 ball pythons
  9 bats
  2 frilled lizards
  3 kobolds
  8 rats
50 creatures vanquished.

Notes
Turn   | Place    | Note
-------+----------+-------------------------------------------
     0 | D:1      | KristoblXynda the Draconian Gladiator began the quest for the Orb.
     0 | D:1      | Reached XP level 1. HP: 17/17 MP: 1/1
     6 | D:1      | Noticed a worker ant
     6 | D:1      | Noticed a rime drake
     6 | D:1      | Noticed a lindwurm
     7 | D:1      | Noticed a hound
   229 | D:1      | Reached XP level 2. HP: 12/24 MP: 2/2
   947 | D:1      | Reached XP level 3. HP: 29/29 MP: 3/3
  1281 | D:2      | Noticed Sigmund
  1285 | D:2      | Gained mutation: Your flesh is heat resistant. (rF+) [potion of mutation]
  1285 | D:2      | Gained mutation: Your flesh is very heat resistant. (rF++) [potion of mutation]
  1285 | D:2      | Gained mutation: You evolve. [potion of mutation]
  1296 | D:2      | Killed Sigmund
  1296 | D:2      | Reached skill level 4 in Staves
  1296 | D:2      | Reached XP level 4. HP: 30/36 MP: 4/4
  1296 | D:2      | Reached XP level 5. HP: 34/41 MP: 5/5
  1507 | D:2      | Noticed Ijyb
  1521 | D:2      | Killed Ijyb
  1521 | D:2      | Reached skill level 5 in Staves
  1859 | D:3      | Noticed Terence
  1906 | D:3      | Noticed Grinder
  1916 | D:3      | Slain by an orc

Vault maps used:
D:1:      onia_arrival_zoo_common
D:2:      uniq_iyjb, uniq_sigmund
D:3:      cheibriados_altar_1, first_bread, corexii_corridor_pit,
          nemelex_spade_bored_becter, uniq_terence, uniq_grinder

Skill      XL: |  1  2  3  4  5 |
---------------+----------------+-----
Throwing       | 2 |  2.0
Dodging        | 3 4 |  4.5
Staves         | 4 5 |  5.1
Fighting       | |  2.1

Action                   |  1- 3 |  4- 6 || total
-------------------------+-------+-------++-------
Melee: Quarterstaff      |    69 |    57 ||   126
       Tailslap          |     5 |     5 ||    10
Throw: Throwing net      |     2 |       ||     2
  Use: Potion            |     2 |       ||     2
       Scroll            |       |     5 ||     5
 Stab: Sleeping          |     1 |       ||     1
       Held in net/web   |     1 |       ||     1
  Eat: Chunk             |    18 |     2 ||    20
Armor: Skin              |    26 |    23 ||    49
Dodge: Dodged            |    85 |    51 ||   136
